 Dungeon Crawl Stone Soup version 0.18-a0-1542-g9c1a92e (webtiles) character file.

2767 M4edhros the Nimble (level 9, -1/60 (61) HPs)
             Began as an Octopode Chaos Knight on Mar 10, 2016.
             Slain by a profane servitor
             ... wielding a +1 whip
              (14 damage)
             ... on level 3 of the Abyss.
             The game lasted 00:28:28 (40996 turns).

M4edhros the Nimble (Octopode Chaos Knight)        Turns: 40996, Time: 00:28:28

HP:   -1/60 (61)    AC: 12    Str:  8      XL:     9   Next: 69%
MP:   8/8           EV: 17    Int: 22 (23) God:    Xom [......]
Gold: 302           SH: 10    Dex: 20 (23) Spells: 0 memorised, 8 levels left

rFire  . . .     SeeInvis +     G - +1 morningstar (protect)
rCold  . . .     Gourm    .     p - +0 shield
rNeg   + . .     Faith    +     (helmet restricted)
rPois  +         Spirit   .     H - amulet of faith (curse)
rElec  .         Dismiss  .     b - ring of Veusel {MR+ Str-3 Int+6 Dex+8}
rCorr  .         Reflect  .     D - +2 ring of intelligence
SustAt .         Harm     .     K - ring of see invisible
MR     +....                    O - ring of positive energy
Stlth  +++.......               (no ring)
                                (no ring)
                                (no ring)
                                (no ring)

@: wreathed by umbra, drained, somewhat resistant to hostile enchantments,
fairly stealthy
A: almost no armour, amphibious, 8 rings, constrict 8, antennae 1, beak, rough
black scales 1, yellow scales 1, camouflage 1, agile 1, deterioration 1, low mp
1, sense surroundings 1, poison resistance, robust 1, gelatinous body 1
a: Renounce Religion


You were on level 3 of the Abyss.
You worshipped Xom.
You were a very special plaything of Xom.
You were very hungry.

You visited 2 branches of the dungeon, and saw 7 of its levels.
You visited the Abyss 2 times.

You collected 428 gold pieces.
You spent 126 gold pieces at shops.

Inventory:

Hand Weapons
 a - a +0 spear of chaos
 o - a +3 flail of protection
 q - a -1 blowgun
 x - a +1 hunting sling of freezing
 z - a +0 dagger of chaos
 C - a +3 great sword
 F - the +7 dagger "Seaty" {chaos, rC- rN++ Int+3}
   (Xom gifted it to you in the Ecumenical Temple)

   Each time it hits an enemy it has a different, random effect.
   It affects your intelligence (+3).
   It makes you vulnerable to cold.
   It greatly protects you from negative energy.
 G - a +1 morningstar of protection (weapon)
 J - a +0 halberd
Missiles
 e - 35 sling bullets
 g - 254 stones (quivered)
 j - 5 steel javelins
 r - 15 poisoned needles
Armour
 p - a +0 shield (worn)
Magical Staves
 f - an uncursed staff of power
Jewellery
 b - the ring of Veusel (left tentacle) {MR+ Str-3 Int+6 Dex+8}
   (Xom gifted it to you on level 1 of the Dungeon)

   [ring of intelligence]

   It affects your strength (-3).
   It affects your intelligence (+6).
   It affects your dexterity (+8).
   It affects your resistance to hostile enchantments.
 D - a +2 ring of intelligence (right tentacle)
 H - a cursed amulet of faith (around mantle)
 K - a ring of see invisible (on tentacle)
 O - a ring of positive energy (on tentacle)
Wands
 s - a wand of confusion (19/48)
 v - a wand of disintegration (9/24)
 w - a wand of polymorph (13/24)
 Q - a wand of digging (10/24)
Scrolls
 c - 7 scrolls of identify {unknown}
 h - 2 scrolls of amnesia {unknown}
 k - a scroll of magic mapping {unknown}
 l - 2 scrolls of remove curse
 u - a scroll of recharging {unknown}
 N - a scroll of fear {unknown}
Potions
 d - a potion of might
 i - 2 potions of magic
 m - 3 potions of agility
 n - a potion of flight
 A - a potion of heal wounds
 B - a potion of ambrosia
 P - a potion of curing
Books
 t - a book of Transfigurations

   Spells                             Type                      Level
   a - Irradiate                      Conjuration/Transmutation    5
   b - Statue Form                    Transmutation/Earth          6
   c - Hydra Form                     Transmutation                6
   d - Dragon Form                    Transmutation                7
 y - a Necronomicon

   Spells                             Type                      Level
   a - Haunt                          Necromancy/Summoning         7
   b - Borgnjor's Revivification      Necromancy                   8
   c - Death's Door                   Charms/Necromancy            8
   d - Necromutation                  Transmutation/Necromancy     8
 I - a book of Frost

   Spells                             Type                      Level
   a - Freeze                         Ice                          1
   b - Throw Frost                    Conjuration/Ice              2
   c - Ozocubu's Armour               Charms/Ice                   3
   d - Throw Icicle                   Conjuration/Ice              4
   e - Summon Ice Beast               Ice/Summoning                4
Miscellaneous
 E - a plain deck of wonders
Comestibles
 L - 2 bread rations
 M - 3 meat rations
 R - a beef jerky


   Skills:
 - Level 3.0(2.8) Fighting
 - Level 7.2(7.0) Polearms
 - Level 3.3(3.2) Slings
 * Level 8.5(8.3) Dodging
 * Level 6.8(6.6) Shields


You had 8 spell levels left.
You didn't know any spells.

Dungeon Overview and Level Annotations

Branches:
Dungeon (6/15)             Temple (1/1) D:4

Altars:
Elyvilon
Fedhas
Gozag
Kikubaaqudgha
Pakellas
Qazlal
Ru
Trog
Xom
Yredelemnul
The Shining One

Shops:
D:4 *[(

Annotations:
D:6 1 runed door


Innate Abilities, Weirdness & Mutations

You cannot wear most types of armour.
You are amphibious.
You can wear up to eight rings at the same time.
You can use your tentacles to constrict eight enemies at once.
Your skin changes colour to match your surroundings (Stealth).
Your rubbery body absorbs attacks (AC +1).
You have a pair of small antennae on your head.
You have a beak for a mouth.
You are partially covered in rough black scales (AC +4, Dex -1).
You are partially covered in yellow scales (AC +2).
You are agile. (Dex +2)
Your body sometimes deteriorates upon taking damage.
Your magical capacity is low (-10% MP).
You passively map a small area around you.
Your system is resistant to poisons.
You are robust (+10% HP).


Message History

The profane servitor hits you but does no damage.
A starcursed mass splits.
The lurking horror explodes!
Your body is wracked with pain!
Your body deteriorates!
You feel clumsy. The starcursed mass barely misses you.
The profane servitor hits you but does no damage.
You block the profane servitor's attack.
Unknown command.
Unknown command.
Unknown command.
You barely miss the starcursed mass.
The starcursed mass is lightly damaged.
The profane servitor hits you but does no damage. x2
The starcursed mass engulfs you. A chorus of shrieks assaults your mind.
* * * LOW HITPOINT WARNING * * *
The profane servitor hits you with an enchanted whip!
You die...
Xom thinks this is hilarious!

......... .... ..
#####............
#...............
#.###.#.....#..
#.##...## #.###.#
#.#.....#. #....
..A........... #
##.#{##XX...... .
#..###@.........
#X.x5A#..?..#...
########...###..
....# . .....
...... .... ..#.


You could see a profane servitor, 3 starcursed masses, an ancient zyme and an
iron imp.

Vanquished Creatures
  A worldbinder (Abyss:2)
  Grinder (D:4)
  Sigmund (D:6)
  Eustachio (D:4)
  Edmund (D:5)
  An orc warrior (D:6)
  A swamp drake (D:5)
  A phantom (D:6)
  A necrophage (D:5)
  3 ogres
  A crocodile (shapeshifter) (D:2)
  2 giant frogs (D:6)
  Blork the orc (D:5)
  4 scorpions
  4 crimson imps (D:5)
  A jelly (D:5)
  An orc priest (D:3)
  Ijyb (D:2)
  2 iguanas (D:4)
  Natasha (D:2)
  An orc wizard (D:6)
  3 worker ants
  5 adders
  4 gnolls (D:2)
  A howler monkey skeleton (D:5)
  A river rat (D:3)
  2 shadow imps
  3 oozes
  6 worms
  4 dart slugs
  2 giant geckos
  18 orcs
  3 giant cockroaches
  16 goblins
  10 hobgoblins
  12 jackals
  9 kobolds
  5 quokkas
  3 ball pythons
  10 bats
  10 giant newts
  A goblin zombie (D:6)
  6 rats
165 creatures vanquished.

Vanquished Creatures (collateral kills)
  A hound (D:6)
  A bat (D:3)
2 creatures vanquished.

Vanquished Creatures (others)
  A necrophage (D:6)
  An orc wizard (D:6)
  A lurking horror (Abyss:3)
3 creatures vanquished.

Grand Total: 170 creatures vanquished

Notes
Turn   | Place    | Note
--------------------------------------------------------------
     0 | D:1      | M4edhros the Octopode Chaos Knight began the quest for the Orb.
     0 | D:1      | Reached XP level 1. HP: 16/16 MP: 1/1
   360 | D:1      | XOM: silly message
   824 | D:1      | XOM: 1-stop teleportation journey
   828 | D:1      | Noticed a worker ant
   828 | D:1      | a dart slug changed into a worker ant
   828 | D:1      | XOM: polymorph dart slug -> worker ant
   829 | D:1      | Reached XP level 2. HP: 21/21 MP: 2/2
   832 | D:1      | Reached XP level 3. HP: 26/26 MP: 3/3
  1243 | D:1      | XOM: 8-stop teleportation journey
  1325 | D:1      | XOM: vitrification
  1358 | D:1      | XOM: god gift: crooked jewelled staff {god gift}
  1505 | D:1      | XOM: divination: detect items
  1992 | D:1      | XOM: 4-stop teleportation journey
  2749 | D:1      | XOM: god gift: brightly glowing pewter ring {god gift}
  2750 | D:1      | Got a brightly glowing pewter ring {god gift}
  2751 | D:1      | Identified the ring of Veusel {MR+ Str-3 Int+6 Dex+8} (Xom gifted it to you on level 1 of the Dungeon)
  3709 | D:1      | Reached XP level 4. HP: 28/31 MP: 4/4
  4509 | D:2      | Found a basalt altar of Yredelemnul.
  5143 | D:2      | XOM: harmless Summ miscast
  5168 | D:2      | XOM: divination: detect creatures
  5248 | D:2      | XOM: noise
  5264 | D:2      | Reached skill level 3 in Dodging
  5328 | D:2      | XOM: god gift: 21 gold pieces
  5424 | D:2      | XOM: divination: magic mapping
  5525 | D:2      | Reached skill level 5 in Polearms
  5527 | D:2      | Reached XP level 5. HP: 24/36 MP: 5/5
  5716 | D:2      | XOM: harmless Pois miscast
  5828 | D:2      | XOM: divination: detect items
  6038 | D:2      | Found a glowing golden altar of the Shining One.
  6052 | D:2      | XOM: divination: detect creatures
  6187 | D:2      | Noticed Natasha
  6199 | D:2      | Killed Natasha
  6475 | D:2      | XOM: divination: detect creatures
  6504 | D:2      | XOM: harmless Fire miscast
  6874 | D:2      | Noticed Natasha
  6880 | D:2      | Natasha changed into Natasha the scorpion
  6883 | D:2      | Noticed Natasha
  6883 | D:2      | Natasha the scorpion changed into Natasha the swamp drake
  6884 | D:2      | Noticed Natasha
  6884 | D:2      | Natasha the swamp drake changed into Natasha the steam dragon
  6885 | D:2      | Noticed Natasha
  6885 | D:2      | Natasha the steam dragon changed into Natasha the hell hound
  6886 | D:2      | Noticed Natasha
  6886 | D:2      | Natasha the hell hound changed into Natasha the crocodile
  6888 | D:2      | XOM: confuse monster(s)
  6894 | D:2      | Killed Natasha the crocodile
  6894 | D:2      | Reached skill level 4 in Dodging
  6894 | D:2      | Reached XP level 6. HP: 37/42 MP: 6/6
  6956 | D:2      | XOM: silly message
  7295 | D:2      | XOM: mild Necr miscast
  8214 | D:2      | Noticed Ijyb
  8228 | D:2      | Killed Ijyb
  8489 | D:2      | XOM: give mutations
  8489 | D:2      | Gained mutation: You have a beak for a mouth. [Xom's grace]
  8489 | D:2      | Gained mutation: You are robust (+10% HP). [Xom's grace]
  8489 | D:2      | Gained mutation: You are covered in fur (AC +1). [Xom's grace]
  8923 | D:2      | XOM: give mutations
  8923 | D:2      | Gained mutation: You are clumsy. (Dex -2) [Xom's mischief]
  8923 | D:2      | Gained mutation: You are somewhat resistant to further mutation. [Xom's mischief]
  8923 | D:2      | Lost mutation: You are robust (+10% HP). [Xom's mischief]
  9089 | D:2      | XOM: 2-stop teleportation journey
  9412 | D:2      | XOM: silly message
  9728 | D:2      | XOM: give mutations
  9728 | D:2      | Lost mutation: You are clumsy. (Dex -2) [Xom's mischief]
  9728 | D:2      | Gained mutation: You are weak. (Str -2) [Xom's mischief]
  9728 | D:2      | Gained mutation: Your magical capacity is low (-10% MP). [Xom's mischief]
 10140 | D:3      | XOM: 8-stop teleportation journey
 10393 | D:3      | XOM: scenery: create altars
 10480 | D:3      | XOM: mild Divn miscast
 10913 | D:3      | XOM: colour smoke trail
 11274 | D:3      | XOM: butterfly on damage
 11605 | D:3      | XOM: noise
 12320 | D:3      | XOM: harmless Divn miscast
 12326 | D:3      | XOM: harmless Necr miscast
 12387 | D:3      | XOM: noise
 12489 | D:3      | XOM: stat loss: -1 Int (20/21)
 12796 | D:4      | Noticed Grinder
 12866 | D:4      | You fall through a shaft!
 12866 | D:5      | Entered Level 5 of the Dungeon
 12888 | D:5      | XOM: harmless Fire miscast
 13113 | D:4      | Noticed Edmund
 13116 | D:5      | XOM: noise
 13127 | D:5      | XOM: enchant monster (bad)
 13134 | D:5      | Noticed a swamp drake
 13146 | D:5      | XOM: summons friendly ufetubus
 13158 | D:5      | Killed a swamp drake
 13158 | D:5      | Reached skill level 5 in Dodging
 13158 | D:5      | Reached skill level 1 in Shields
 13158 | D:5      | Reached XP level 7. HP: 33/46 MP: 6/6
 13198 | D:5      | Killed Edmund
 13547 | D:4      | XOM: blink monster(s)
 13642 | D:4      | XOM: summons 2 hostile demons
 13711 | D:4      | XOM: colour smoke trail
 14060 | D:4      | XOM: colour smoke trail
 14103 | D:4      | Found Duiz's Assorted Antiques.
 14121 | D:4      | Found an opulent altar of Gozag.
 14175 | D:4      | Noticed Eustachio
 14182 | D:4      | XOM: harmless Air miscast
 14191 | D:4      | XOM: confusion (+ monsters)
 14193 | D:4      | XOM: butterfly on damage
 14203 | D:4      | Killed Eustachio
 14502 | D:4      | XOM: colour smoke trail
 14513 | D:4      | Paralysed by Grinder for 5 turns
 14524 | D:4      | Killed Grinder
 14524 | D:4      | Reached skill level 6 in Dodging
 14524 | D:4      | Reached XP level 8. HP: 7/52 MP: 7/7
 14707 | D:4      | XOM: colour smoke trail
 14748 | D:4      | Found Xenyn's Weapon Shoppe.
 14756 | D:4      | Bought a +1 hunting sling of freezing for 126 gold pieces
 14768 | D:4      | Found a staircase to the Ecumenical Temple.
 14873 | D:4      | XOM: cast spell 'Spider Form'
 15212 | D:4      | XOM: divination: detect creatures
 15419 | D:4      | XOM: harmless Trmt miscast
 15469 | D:4      | XOM: harmless Tloc miscast
 15746 | D:4      | XOM: silly message
 15798 | D:4      | Found Qigol's Antique Armour Boutique.
 15819 | D:4      | XOM: divination: detect creatures
 15939 | D:5      | XOM: scenery: create altars
 15964 | D:5      | Found a shimmering altar of Xom.
 15979 | D:5      | Reached skill level 1 in Slings
 16231 | D:5      | XOM: harmless Air miscast
 16570 | D:5      | Noticed Blork the orc
 16582 | D:5      | Killed Blork the orc
 16586 | D:5      | Reached skill level 7 in Dodging
 16683 | D:5      | XOM: divination: detect items
 16898 | D:5      | XOM: cast spell 'Dragon Form'
 17345 | D:6      | Reached skill level 5 in Shields
 17345 | D:6      | Reached XP level 9. HP: 44/55 MP: 8/8
 17350 | D:6      | Noticed Sigmund
 17357 | D:6      | Killed Sigmund
 17366 | D:6      | XOM: summons friendly orange demon
 17441 | D:6      | XOM: god gift: 7 meat rations
 17651 | D:6      | XOM: scenery: 1 doors open, 1 doors close
 17716 | Temple   | Entered the Ecumenical Temple
 17772 | Temple   | XOM: 1-stop teleportation journey
 18101 | Temple   | XOM: god gift: 28 gold pieces
 18109 | Temple   | XOM: 1-stop teleportation journey
 18341 | Temple   | XOM: divination: detect creatures
 18660 | Temple   | XOM: scenery: create altars
 18950 | Temple   | XOM: god gift: curved bronze wand {god gift}
 19708 | Temple   | XOM: god gift: glowing great sword {god gift}
 19733 | Temple   | XOM: give mutations
 19733 | Temple   | Gained mutation: You are partially covered in rough black scales (AC +4, Dex -1). [Xom's grace]
 19733 | Temple   | Lost mutation: You are somewhat resistant to further mutation. [Xom's grace]
 19733 | Temple   | Gained mutation: You evolve. [Xom's grace]
 20720 | Temple   | XOM: 1-stop teleportation journey
 20893 | Temple   | XOM: give mutations
 20893 | Temple   | Lost mutation: You evolve. [Xom's mischief]
 20893 | Temple   | Gained mutation: You are partially covered in yellow scales (AC +2). [Xom's mischief]
 20927 | Temple   | XOM: silly message
 20960 | Temple   | XOM: silly message
 21035 | Temple   | XOM is BORED!
 21035 | Temple   | XOM: noise
 21152 | Temple   | XOM: noise
 21722 | Temple   | XOM: colour smoke trail
 21998 | Temple   | XOM: harmless Necr miscast
 22558 | Temple   | XOM: divination: magic mapping
 22624 | Temple   | XOM: harmless Conj miscast
 23225 | Temple   | XOM: 3-stop teleportation journey
 23240 | Temple   | XOM is BORED!
 23240 | Temple   | XOM: noise
 23376 | Temple   | XOM: summons 4 hostile demons
 23478 | D:4      | XOM: medium Pois miscast
 23556 | Temple   | XOM: colour smoke trail
 23570 | Temple   | XOM: mild Necr miscast
 24155 | Temple   | XOM: medium Pois miscast
 24426 | Temple   | Cast into level 2 of the Abyss (Xom)
 24435 | Abyss:2  | Noticed a worldbinder
 24447 | Abyss:2  | XOM: summons 4 hostile demons
 24448 | Abyss:2  | Noticed an ice devil
 24455 | Abyss:2  | XOM: severe Chrm miscast
 24456 | Abyss:2  | Noticed an elephant
 24465 | Abyss:2  | Noticed an elephant
 24469 | Abyss:2  | XOM: summons 1 hostile demon
 24472 | Abyss:2  | Killed a worldbinder
 24483 | Abyss:2  | Noticed a hell hog
 24487 | Temple   | Escaped the Abyss
 24568 | Temple   | XOM: cast spell 'Hydra Form'
 24570 | Temple   | XOM: medium Conj miscast
 24797 | Temple   | XOM: divination: magic mapping
 25440 | Temple   | XOM: harmless Conj miscast
 26223 | Temple   | XOM: god gift: bread ration
 27004 | Temple   | XOM: noise
 27425 | Temple   | XOM: god gift: chain mail {god gift}
 27656 | Temple   | XOM is BORED!
 27656 | Temple   | XOM: mild Summ miscast
 27776 | Temple   | XOM: mild Ice miscast
 28704 | Temple   | XOM is BORED!
 28704 | Temple   | XOM: medium Ice miscast
 28704 | Temple   | XOM: smoke on damage
 28908 | Temple   | XOM: silly message
 28928 | Temple   | XOM: mild Conj miscast
 29017 | Temple   | XOM: cast spell 'Statue Form'
 29077 | Temple   | XOM: god gift: murky emerald potion
 29811 | Temple   | XOM: 3-stop teleportation journey
 30412 | Temple   | XOM: divination: detect creatures
 30449 | Temple   | XOM: colour smoke trail
 30617 | Temple   | XOM: god gift: plain deck of cards {god gift}
 31223 | Temple   | XOM: colour smoke trail
 32222 | Temple   | XOM: mild Air miscast
 32695 | Temple   | XOM: god gift: polished dagger {god gift}
 32696 | Temple   | Got a polished dagger {god gift}
 32697 | Temple   | Identified the +7 dagger "Seaty" {chaos, rC- rN++ Int+3} (Xom gifted it to you in the Ecumenical Temple)
 32970 | Temple   | XOM is BORED!
 32970 | Temple   | XOM: give mutation
 32970 | Temple   | Gained mutation: Your body sometimes deteriorates upon taking damage. [Xom's mischief]
 33075 | Temple   | XOM: cast spell 'Dragon Form'
 33124 | Temple   | XOM: harmless Hex miscast
 33701 | Temple   | XOM: god gift: runed morningstar {god gift}
 35422 | Temple   | XOM: 4-stop teleportation journey
 35641 | Temple   | XOM: stat loss: -1 Int (22/23)
 36263 | Temple   | XOM: give mutation
 36263 | Temple   | Lost mutation: You are covered in fur (AC +1). [Xom's mischief]
 36460 | Temple   | XOM: give mutations
 36460 | Temple   | Gained mutation: Your system is resistant to poisons. [Xom's mischief]
 36460 | Temple   | Gained mutation: Your body often deteriorates upon taking damage. [Xom's mischief]
 36460 | Temple   | Lost mutation: Your body often deteriorates upon taking damage. [Xom's mischief]
 36460 | Temple   | Lost mutation: Your system is resistant to poisons. [Xom's mischief]
 36990 | Temple   | XOM: god gift: dented cameo amulet {god gift}
 37164 | Temple   | XOM: 3-stop teleportation journey
 37528 | Temple   | XOM: 1-stop teleportation journey
 37684 | Temple   | XOM: god gift: long bone wand {god gift}
 37822 | Temple   | XOM is BORED!
 37822 | Temple   | XOM: stat loss: -3 Dex (18/21)
 38015 | Temple   | XOM: give mutations
 38015 | Temple   | Gained mutation: You have a pair of small antennae on your head. [Xom's grace]
 38015 | Temple   | Gained mutation: Your system is resistant to poisons. [Xom's grace]
 38015 | Temple   | Gained mutation: You are agile. (Dex +2) [Xom's grace]
 38237 | Temple   | XOM: give mutations
 38237 | Temple   | Gained mutation: You passively map a small area around you. [Xom's grace]
 38237 | Temple   | Lost mutation: You are weak. (Str -2) [Xom's grace]
 38237 | Temple   | Gained mutation: You are robust (+10% HP). [Xom's grace]
 38284 | Temple   | XOM: god gift: metal-bound book {god gift}
 38671 | Temple   | XOM: god gift: scroll labeled XEATA NABBUONY
 38962 | Temple   | XOM: medium Trmt miscast
 39297 | Temple   | XOM: silly message
 39370 | Temple   | XOM: god gift: halberd {god gift}
 39372 | Temple   | XOM: noise
 39857 | D:5      | XOM: god gift: 5 steel javelins
 39865 | D:5      | XOM: noise
 39882 | D:6      | Reached skill level 8 in Dodging
 39882 | D:6      | XOM: medium Conj miscast
 40091 | D:6      | Found a runed door.
 40111 | D:6      | Found a basalt altar of Yredelemnul.
 40337 | D:6      | XOM: chaos upgrade
 40412 | D:6      | XOM: noise
 40418 | D:6      | XOM: swap monsters
 40436 | D:6      | XOM: enchant monster (bad)
 40887 | D:6      | XOM: harmless Ice miscast
 40946 | D:6      | Cast into level 3 of the Abyss (Xom)
 40958 | Abyss:3  | Found a corrupted altar of Lugonu.
 40973 | Abyss:3  | XOM: mild Ice miscast
 40984 | Abyss:3  | Noticed a profane servitor
 40986 | Abyss:3  | XOM: summons 3 hostile shadow creatures
 40987 | Abyss:3  | Noticed an ancient zyme
 40987 | Abyss:3  | Noticed a starcursed mass
 40993 | Abyss:3  | XOM: harmless Trmt miscast
 40996 | Abyss:3  | Slain by a profane servitor

Vault maps used:
D:1:      minmay_arrival_stone_box, serial_forest,
          infiniplex_forest_clump_cross, infiniplex_forest_corner_1,
          infiniplex_forest_clump_medium, infiniplex_forest_corner_1,
          infiniplex_forest_clump_C, infiniplex_forest_lined_room_,
          infiniplex_forest_lined_2, infiniplex_forest_clump_small,
          infiniplex_forest_clump_curved, grunt_decor_arrowhead,
          serial_bayou_pond_e
D:2:      kennysheep_goblin_castle, lemuel_crystal_altar,
          nicolae_tso_carved_into_rock, uniq_natasha
D:3:      first_bread, kennysheep_generic_room_9
D:4:      old_standard_altar, temple_pool_b, serial_shops, shop, shop,
          nicolae_shop_competitors_out_of_business, uniq_grinder, uniq_edmund,
          uniq_eustachio
D:5:      led_xom_imps, uniq_blork_the_orc
D:6:      basic_altar, dk_yredelemnul_ordeal, uniq_sigmund,
          uniq_crazy_yiuf_cottage
Temple:   chambers_temple_12
Abyss:3:  due_abyss_rune

Skill      XL: |  1  2  3  4  5  6  7  8  9 |
---------------+----------------------------+-----
Polearms       | 4 5 6 7 |  7.2
Dodging        | 3 4 5 6 7 8 |  8.5
Shields        | 1 3 5 6 |  6.8
Slings         | 2 3 |  3.3
Fighting       | |  3.0

Action                   |  1- 3 |  4- 6 |  7- 9 || total
-------------------------+-------+-------+-------++-------
Melee: Spear             |    46 |   297 |    82 ||   425
       Flail             |       |       |    91 ||    91
       Morningstar       |       |       |    30 ||    30
 Fire: Hunting sling     |       |       |    14 ||    14
Evoke: Wand              |       |       |     2 ||     2
  Use: Potion            |     1 |     5 |     7 ||    13
       Scroll            |       |     1 |     3 ||     4
 Stab: Sleeping          |     3 |    12 |     3 ||    18
       Distracted        |     2 |     2 |     1 ||     5
       Confused          |       |     1 |     3 ||     4
       Paralysed         |       |     1 |       ||     1
       Petrifying        |       |       |     2 ||     2
       Petrified         |       |       |     1 ||     1
  Eat: Chunk             |     4 |    24 |    16 ||    44
       Bread ration      |     1 |     1 |     2 ||     4
       Pizza             |       |       |     1 ||     1
       Meat ration       |       |       |    11 ||    11
       Beef jerky        |       |       |     2 ||     2
